 Dungeon Crawl Stone Soup version 0.26.0-18-gc5c842f807 (webtiles) character file.

Game seed: 3293419821634722499

32 112233 the Ducker (level 3, -1/26 HPs)
             Began as an Octopode Fighter on Jan 22, 2021.
             Slain by Grinder (5 damage)
             ... on level 5 of the Dungeon.
             The game lasted 00:00:27 (413 turns).

112233 the Ducker (Octopode Fighter)                 Turns: 413, Time: 00:00:28

Health: -1/26      AC:  1    Str: 15    XL:     3   Next: 25%
Magic:  3/3        EV: 12    Int: 10    God:
Gold:   23         SH:  8    Dex: 12    Spells: 2/2 levels left

rFire    . . .     SeeInvis .   a - +0 trident
rCold    . . .     Faith    .   b - +0 kite shield
rNeg     . . .     Spirit   .   (helmet restricted)
rPois    .         Reflect  .   (no amulet)
rElec    .         Harm     .   (no ring)
rCorr    .         Rampage  .   (no ring)
Will     .....                  (no ring)
Stlth    ++........             (no ring)
HPRegen  0.08/turn              (no ring)
MPRegen  0.08/turn              (no ring)
                                (no ring)
                                (no ring)

@: mighty
A: almost no armour, stealthy swim, amphibious, 8 rings, constrict 8, camouflage
1, gelatinous body 1
a: no special abilities


You were on level 5 of the Dungeon.
You visited 1 branch of the dungeon, and saw 5 of its levels.

You collected 23 gold pieces.

Inventory:

Hand Weapons
 a - a +0 trident (weapon)
Missiles
 g - 10 poisoned darts (quivered)
Armour
 b - a +0 kite shield (worn)
Scrolls
 d - 2 scrolls of teleportation {unknown}
 e - a scroll of identify {unknown}
 f - a scroll of fear {unknown}
Potions
 h - a potion of curing {unknown}


   Skills:
 + Level 3.2 Fighting
 * Level 2.7 Polearms
 + Level 3.2 Dodging
 + Level 3.2 Shields


You had 2 spell levels left.
You didn't know any spells.
Your spell library was empty.

Dungeon Overview and Level Annotations

Branches:
Dungeon (5/15)
 Temple: D:4-7

Altars:

Annotations:
D:5 Grinder


Innate Abilities, Weirdness & Mutations

You cannot wear most types of armour.
You are very stealthy in the water. (Stealth+)
You are amphibious.
You can wear up to eight rings at the same time.
You can use your tentacles to constrict eight enemies at once.
Your skin changes colour to match your surroundings (Stealth+).
Your rubbery body absorbs attacks. (AC +1, EV +1)


Message History

You reach to attack!
The helpless Grinder fails to defend herself.
You hit Grinder but do no damage. You block Grinder's attack.
You closely miss Grinder. Your grab misses Grinder. You squeeze Grinder.
You block Grinder's attack.
You closely miss Grinder. Your grab misses Grinder. Grinder hits you.
You writhe in agony.
You hit Grinder. Your grab misses Grinder. Grinder hits you.
You writhe in agony.
You feel very mighty all of a sudden. Grinder gestures at you.
Pain shoots through your body!
* * * LOW HITPOINT WARNING * * *
Unknown command.
You barely miss Grinder. Your grab misses Grinder. Grinder hits you.
* * * LOW HITPOINT WARNING * * *
Grinder closely misses you.
Unknown command.
You hit Grinder. You grab Grinder. You constrict Grinder. Grinder hits you.
You die...

#.. ## #.##########
#.# ##.........#
..###.########.####
#.#.## #.........
#..## #.###.###. #
#.## #.# #...#.
#.#'## #.# ###.#.
#.5@.# #.# #.#.
#.....# #.#####.#.
#......# #.........
+.......####...##.##
#.......+...........
#.......####...##.##
#......## ##.###.#
#.....## ### #.# #.#


You could see Grinder.

Vanquished Creatures
  A hound skeleton (D:5)
  An adder (D:3)
  An ooze (D:1)
  A giant cockroach (D:2)
  A kobold (D:1)
  A frilled lizard (D:1)
  A rat (D:1)
7 creatures vanquished.

Notes
Turn   | Place    | Note
-------+----------+-------------------------------------------
     0 | D:1      | 112233 the Octopode Fighter began the quest for the Orb.
     0 | D:1      | Reached XP level 1. HP: 16/16 MP: 1/1
   105 | D:1      | Reached XP level 2. HP: 21/21 MP: 2/2
   303 | D:5      | Entered Level 5 of the Dungeon
   329 | D:5      | Reached XP level 3. HP: 24/26 MP: 3/3
   405 | D:5      | Noticed Grinder
   413 | D:5      | Slain by Grinder

Illustrated notes

Levels and vault maps discovered:
D:1:      sevenhm_arrival_forest_fort_large_4, layout_basic, tso_altar
D:2:      layout_basic
D:3:      minmay_angry_zag, layout_basic, yredelemnul_forgotten_temple_becter,
          minmay_misc_feat_doors
D:4:      layout_basic, uniq_eustachio, uniq_natasha, uniq_crazy_yiuf_cottage
D:5:      layout_loops_corners, nicolae_qazlal_style_of_elements,
          hangedman_abyss_or_decor_jellyfish_corner, minmay_door_square,
          uniq_grinder, uniq_blork_the_orc

Action                   || total
-------------------------++-------
Melee: Trident           ||    30
       Constrict         ||     5
       Tentacles         ||     2
  Use: Potion            ||     1
 Stab: Sleeping          ||     3
Dodge: Dodged            ||     6
Block: Kite shield       ||    12
